 Dungeon Crawl Stone Soup version 0.28.0-53-g5a82cb258f (webtiles) character file.

Game seed: 9674550647211102247

124 MisterFreud the Cudgeller (level 4, -4/37 HPs)
             Began as a Palentonga Fighter on July 17, 2022.
             Succumbed to a water moccasin's poison
             ... on level 3 of the Dungeon.
             The game lasted 00:02:19 (2172 turns).

MisterFreud the Cudgeller (Palentonga Fighter)      Turns: 2172, Time: 00:02:19

Health: -4/37      AC:  7    Str: 21    XL:     4   Next: 81%
Magic:  4/4        EV:  7    Int:  8    God:
Gold:   23         SH:  4    Dex: 10    Spells: 3/3 levels left

rFire   . . .      SeeInvis +   a - +0 flail
rCold   . . .      Faith    .   c - +0 buckler
rNeg    . . .      Spirit   .   b - +0 scale mail
rPois   .          Reflect  .   (no helmet)
rElec   .          Harm     .   l - +0 cloak
rCorr   .          Rampage  .   (no gloves)
Will    .....                   (no barding)
Stlth   ..........              (no amulet)
HPRegen 0.12/turn               (no ring)
MPRegen 0.09/turn               (no ring)

@: mighty, lethally poisoned (-4 -> -39), attractive
A: large, rugged brown scales 3, see invisible, deformed body, roll 1, armoured
tail
a: Rolling Charge


You were on level 3 of the Dungeon.
You visited 1 branch of the dungeon, and saw 3 of its levels.

You collected 83 gold pieces.
You spent 60 gold pieces at shops.

Inventory:

Hand Weapons
 a - a +0 flail (weapon)
Missiles
 g - 6 poisoned darts
Armour
 b - a +0 scale mail (worn)
 c - a +0 buckler (worn)
 l - a +0 cloak (worn)
Scrolls
 h - a scroll of blinking {unknown}
 k - 2 scrolls of enchant armour {unknown}
 m - 2 scrolls of noise {unknown}
 n - a scroll of identify {unknown}
 q - a scroll of silence {unknown}
Potions
 e - a potion of attraction
 f - a potion of lignification {unknown}
 i - a potion of invisibility {unknown}
 j - a potion of ambrosia {unknown}
 p - 2 potions of degeneration {unknown}
 r - a potion of curing {unknown}


   Skills:
 - Level 3.0 Fighting
 + Level 5.1 Maces & Flails
 - Level 2.4 Armour
 - Level 2.4 Shields


You had 3 spell levels left.
You didn't know any spells.
Your spell library contained the following spells:

 Spells                   Type           Power      Damage    Failure   Level
 Animate Skeleton         Necr           0%         N/A       83%         1
 Apportation              Tloc           0%         N/A       83%         1
 Summon Small Mammal      Summ           0%         N/A       83%         1


Dungeon Overview and Level Annotations

Branches:
Dungeon (3/15)

Altars:

Shops:
D:2 [   D:3 =!


Innate Abilities, Weirdness & Mutations

You are completely covered in rugged brown scales. (AC +3, +7% HP)
You have supernaturally acute eyesight. (SInv)
Armour fits poorly on your strangely shaped body.
You can roll at nearby foes to attack.
You have a long armoured tail.


Message History

You miss the water moccasin.
You feel very sick. The water moccasin bites you.
You barely miss the water moccasin.
You feel very sick. The water moccasin bites you.
The water moccasin bites you but does no damage.
You feel very mighty all of a sudden.
You feel sick. The water moccasin bites you.
You miss the water moccasin.
You feel sick. The water moccasin bites you!
* * * LOW HITPOINT WARNING * * *
The water moccasin closely misses you.
You feel much better.
You feel sick.
The water moccasin bites you but does no damage.
You barely miss the water moccasin.
You feel sick. The water moccasin barely misses you.
The water moccasin closely misses you.
You miss the water moccasin.
Your tail-slap misses the water moccasin.
You feel sick. The water moccasin closely misses you.
The water moccasin bites you.
You are more poisoned.
The water moccasin poisons you!
You miss the water moccasin.
You feel very sick. The water moccasin bites you.
You are lethally poisoned!
The water moccasin poisons you!
You sock the water moccasin!
The water moccasin is heavily wounded.
* * * LOW HITPOINT WARNING * * *
You feel very sick. The water moccasin bites you!
* * * LOW HITPOINT WARNING * * *
You are more poisoned.
The water moccasin poisons you! The water moccasin barely misses you.
Unknown command.
Unknown command.
It was a potion of attraction.
You feel attractive to monsters.
You die...

)# #....####.#
.# #.......#.#
.# #.......#.#
.# #.......#.#
.######'####.#
.#......# #.#
.#.###### #.#
.#.# #.######
.#.# #....@.#
.#.# ######S#
.#.#############
.#
##.............#
.#
#############.#
.# #.# ..
####### #.# ##
......# #.#
....).# #.#
######


You could see a water moccasin.

Vanquished Creatures
  Jessica (D:2)
  A gnoll (D:1)
  4 adders
  3 dart slugs
  4 ball pythons
  6 endoplasms
  4 giant cockroaches
  A hobgoblin (D:2)
  2 jackals (D:2)
  2 quokkas
  4 bats
  5 goblins
  5 kobolds
  5 rats
47 creatures vanquished.

Notes
Turn   | Place    | Note
-------+----------+-------------------------------------------
     0 | D:1      | MisterFreud the Palentonga Fighter began the quest for the
                  | Orb.
     0 | D:1      | Reached XP level 1. HP: 19/19 MP: 1/1
   269 | D:1      | Reached XP level 2. HP: 25/25 MP: 2/2
   361 | D:1      | Reached skill level 3 in Maces & Flails
   601 | D:1      | Reached XP level 3. HP: 31/31 MP: 3/3
   930 | D:2      | Noticed Jessica
   932 | D:2      | Killed Jessica
   933 | D:2      | Reached skill level 4 in Maces & Flails
   980 | D:2      | Reached XP level 4. HP: 37/37 MP: 4/4
  1219 | D:2      | Found Guhed's Armour Emporium.
  1478 | D:3      | Found Sessang's One-of-a-Kind Rings.
  1568 | D:3      | Found Byed Fuz's Distillery.
  1576 | D:3      | Bought a potion of heal wounds for 60 gold pieces
  1602 | D:3      | Reached skill level 5 in Maces & Flails
  2161 | D:3      | Noticed a water moccasin
  2172 | D:3      | Succumbed to a water moccasin's poison

Illustrated notes

Levels and vault maps discovered:
D:1:      dpeg_arrival_simpleton_a, layout_loops_ring
D:2:      layout_rooms, serial_shops, shop, uniq_jessica
D:3:      layout_basic, serial_shops, shop, hex_medium,
          nicolae_shop_unique_rings

Skill      XL: |  1  2  3  4 |
---------------+-------------+-----
Maces & Flails | 3 4 5 |  5.1
Fighting       | |  3.0
Armour         | |  2.4
Shields        | |  2.4

Action                   |  1- 3 |  4- 6 || total
-------------------------+-------+-------++-------
Melee: Flail             |    48 |    55 ||   103
       Tailslap          |     7 |     3 ||    10
 Abil: Rolling Charge    |    17 |    15 ||    32
  Use: Potion            |       |     3 ||     3
Armor: Scale mail        |    25 |    22 ||    47
Dodge: Dodged            |    15 |    21 ||    36
Block: Buckler           |     5 |     7 ||    12
